 Dungeon Crawl Stone Soup version 0.25-a0-189-gf71692caf1 (webtiles) character file.

Game seed: 2825536181535761424, levelgen mode: classic

8381 EnegeticOcto the Grappler (level 11, 0/154 HPs)
             Began as a Naga Transmuter on Nov 29, 2019.
             Was a Priest of Fedhas.
             Slain by Snorg (3 damage)
             ... on level 10 of the Dungeon.
             The game lasted 00:26:55 (16848 turns).

EnegeticOcto the Grappler (Naga Transmuter)        Turns: 16848, Time: 00:26:56

Health: 0/154      AC: 25    Str: 13    XL:     11   Next: 30%
Magic:  8/17       EV:  1    Int: 17    God:    Fedhas [***...]
Gold:   531        SH:  0    Dex: 11    Spells: 16/18 levels left

rFire    . . .     SeeInvis +     - Unarmed
rCold    . . .     Gourm    .   (no shield)
rNeg     + + +     Faith    .   (armour currently unavailable)
rPois    +         Spirit   .   (helmet currently unavailable)
rElec    .         Reflect  .   (cloak currently unavailable)
rCorr    .         Harm     .   (gloves currently unavailable)
MR       +....     NoTele   +   (no barding)
Stlth    ++++......             (no amulet)
HPRegen  0.35/turn              g - ring of flight
MPRegen  0.15/turn              i - ring of wizardry

@: tree-form (expiring)
A: large, see invisible, slow metabolism 1, spit poison 1, AC +3
a: Spit Poison, Wall of Briars, Grow Ballistomycete, Renounce Religion


You were on level 10 of the Dungeon.
You worshipped Fedhas.
Fedhas was most pleased with you.
You were hungry.
You were a tree.
You visited 2 branches of the dungeon, and saw 11 of its levels.
You also visited: Ossuary.

You collected 531 gold pieces.

Inventory:

Hand Weapons
 l - a +5 dagger of venom
Missiles
 a - 80 arrows
 h - 380 stones (quivered)
 j - 24 poisoned darts
 t - 8 curare-tipped darts
Armour
 c - a +0 cloak (melded)
 w - a +1 helmet (melded)
 D - a +2 leather armour of fire resistance (melded)
Jewellery
 g - a ring of flight (left branch)
 i - a ring of wizardry (right branch)
Wands
 u - a wand of paralysis (5)
 B - a wand of digging (8)
 C - a wand of iceblast (16)
Scrolls
 d - a scroll of teleportation {@r3 !r}
 k - 6 scrolls of remove curse {@r2}
 m - a scroll of enchant armour
 n - a scroll of fog {!r}
 o - a scroll of magic mapping {@r5 !r}
 y - 2 scrolls of amnesia
 A - a scroll of blinking {@r4}
 E - a scroll of identify {@r1}
Potions
 b - 2 potions of flight
 f - 7 potions of curing {@q1 !q}
 p - a potion of might {@q3 !q}
 q - a potion of resistance
 r - 4 potions of haste {@q4 !q}
 s - a potion of mutation
 x - a potion of ambrosia
 z - a potion of lignification {@q6}
Comestibles
 e - 9 rations


   Skills:
 + Level 8.2 Fighting
 + Level 5.4 Dodging
 - Level 8.0 Stealth
 - Level 10.0 Unarmed Combat
 - Level 4.0 Spellcasting
 + Level 4.7 Transmutations
 - Level 5.0 Invocations
 - Level 4.0 Evocations


You had 16 spell levels left.
You knew the following spells:

 Your Spells              Type           Power        Failure   Level  Hunger
j - Sticks to Snakes      Tmut           ###.....     1%          2    ##.....

Your spell library contained the following spells:

 Spells                   Type           Power        Failure   Level  Hunger
 Beastly Appendage        Tmut           ###...       1%          1    None
 Spider Form              Tmut/Pois      ##........   8%          3    ###....
 Ice Form                 Ice/Tmut       ##......     24%         4    ####...
 Blade Hands              Tmut           ###.......   26%         5    ######.


Dungeon Overview and Level Annotations

Branches:
Dungeon (10/15)            Temple (1/1) D:5         Ossuary (visited)
   Lair: D:8-11         Orc: D:9-12

Altars:
Cheibriados
Dithmenos
Fedhas
Hepliaklqana
Kikubaaqudgha
Makhleb
Nemelex Xobeh
Okawaru
Sif Muna
Vehumet
Yredelemnul
Zin
The Shining One

Shops:
D:8 [   D:9 (

Annotations:
D:7 1 runed translucent door, Crazy Yiuf
D:8 exclusion: hydra
D:10 Snorg


Innate Abilities, Weirdness & Mutations

You cannot wear boots.
((Your serpentine skin is tough. (AC +3)))
You have supernaturally acute eyesight. (SInv)
((Armour fits poorly on your strangely shaped body.))
((Your system is resistant to poisons. (rPois)))
((You cover ground very slowly.))
You have a slow metabolism.
You can spit poison.


Message History

Press: ? - help, Dir - move target cursor You fail to use your ability.
Press: ? - help, Dir - move target cursor You fail to use your ability.
Snorg bites you. Snorg claws you! Snorg barely misses you.
A briar patch grows up from the ground. x2; You feel slightly more hungry.
Snorg closely misses you. x2; Snorg claws you!
Your adder bites Snorg.
You slither carefully through the plants.
A bullfrog comes into view.
Snorg barely misses you. Snorg claws you but does no damage. Snorg claws you.
Your adder bites Snorg.
Snorg bites your adder!!
Your adder dies!
Snorg rages.
Snorg bites your briar patch but does no damage.
Snorg claws your briar patch.
Snorg claws your briar patch but does no damage.
Snorg bites your briar patch! Snorg claws your briar patch!
Your briar patch is destroyed!
Snorg rages.
Evoke which item? (* to show all) (? for menu, Esc to quit)
Aiming: Paralyse
Press: ? - help, Shift-Dir - straight line, f - Snorg
Aim: Snorg (lightly wounded, berserk, fast, unusually strong, chance to defeat MR: 24%)
Okay, then.
Really quaff the potion of lignification?
You turn into a tree.
Your +0 cloak melds into your body.
Your +1 helmet melds into your body.
Your +2 leather armour of fire resistance melds into your body.
You feel less resistant to fire.
Your roots penetrate the ground.
Snorg bites you! Snorg claws you but does no damage.
Snorg completely misses you. The bullfrog hits your briar patch.
You hit Snorg but do no damage.
Snorg is lightly wounded.
Snorg bites you! Snorg claws you but does no damage. Snorg claws you.
The bullfrog hits your briar patch.
You smack Snorg!
Snorg is lightly wounded.
Snorg bites you but does no damage. Snorg claws you but does no damage.
Snorg claws you!
The bullfrog hits your briar patch but does no damage.
You smack Snorg!
Snorg is lightly wounded.
Snorg bites you! Snorg claws you. Snorg claws you!
The bullfrog hits your briar patch but does no damage.
Snorg bites you. Snorg claws you but does no damage. x2
You smack Snorg!
Snorg is moderately wounded.
The bullfrog hits your briar patch. Snorg bites you but does no damage.
Snorg claws you but does no damage. x2
The bullfrog is struck by your briar patch's thorns.
The bullfrog hits your briar patch.
You smack Snorg!
You punch Snorg, but do no damage.
Snorg is moderately wounded.
Snorg bites you!
* * * LOW HITPOINT WARNING * * *
Snorg claws you!
* * * LOW HITPOINT WARNING * * *
Snorg claws you but does no damage.
The bullfrog hits your briar patch but does no damage.
Really quaff
v - a potion of heal wounds {@q2 !q}?
You feel much better. Snorg bites you. Snorg claws you but does no damage. x2
The bullfrog is struck by your briar patch's thorns.
The bullfrog dies!
Fedhas accepts your kill. Snorg bites you but does no damage. Snorg claws you!
* * * LOW HITPOINT WARNING * * *
Snorg claws you.
* * * LOW HITPOINT WARNING * * *
You pummel Snorg!!
Snorg is heavily wounded.
Snorg bites you.
* * * LOW HITPOINT WARNING * * *
Snorg claws you.
* * * LOW HITPOINT WARNING * * *
Snorg claws you!
* * * LOW HITPOINT WARNING * * *
You smack Snorg!
Snorg is heavily wounded.
Your transformation is almost over.
Snorg bites you but does no damage. Snorg claws you but does no damage. x2
Okay, then.
Unknown command.
You smack Snorg!
Snorg is heavily wounded.
Snorg bites you.
* * * LOW HITPOINT WARNING * * *
Snorg claws you but does no damage. Snorg claws you.
* * * LOW HITPOINT WARNING * * *
You pummel Snorg!!
Snorg is severely wounded.
Snorg bites you but does no damage. Snorg claws you but does no damage. x2
You pummel Snorg!!
Snorg is almost dead.
Snorg bites you!!
* * * LOW HITPOINT WARNING * * *
Snorg claws you but does no damage. Snorg claws you.
* * * LOW HITPOINT WARNING * * *
Snorg bites you.
You die...
Fedhas appreciates your contribution to the ecosystem.

...........
..........
.........
#P.......
#.########
#.#......#
######.#......#
#....PT+......###
#....♣.#........#
#......###...<..#
#..._....#......#
#........+......#
#........###'#..#
#............#).#
#............+..#
#............####
###..............


You could see Snorg (berserk).

Vanquished Creatures
  Erica (D:8)
  2 two-headed ogres (D:7)
  A death yak (D:9)
  A polar bear (D:9)
  2 dream sheep (D:8)
  Grinder (D:4)
  2 hippogriffs (D:7)
  Sigmund (D:3)
  4 yaks
  A hungry ghost (D:7)
  Menkaure (D:7)
  2 ice beasts
  A sky beast (D:5)
  An orc warrior (D:7)
  Duvessa (D:4)
  3 phantoms
  3 centaurs
  3 wolves (D:9)
  2 ogres (D:5)
  2 elf zombies (Ossuary)
  6 bullfrogs
  2 big kobolds (D:8)
  Blork the orc (D:4)
  2 wyvern zombies
  A water moccasin zombie (D:7)
  Dowan (D:4)
  3 scorpions
  4 killer bees (D:8)
  An electric eel (D:9)
  A howler monkey (D:8)
  4 crimson imps
  2 jellies
  A quasit (D:8)
  12 orc priests
  3 hounds
  A human zombie (Ossuary)
  5 orc wizards
  A gnoll shaman (D:4)
  Jessica (D:3)
  2 iguanas (D:8)
  Ijyb (D:5)
  4 worker ants
  A big kobold zombie (Ossuary)
  2 hound zombies
  2 hound skeletons
  4 mummies
  A killer bee simulacrum (D:9)
  Robin (D:3)
  5 gnolls
  14 adders
  2 white imps (D:9)
  An ufetubus (D:9)
  An ooze (D:7)
  4 adder zombies
  6 worms
  3 dart slugs (D:1)
  7 leopard geckos
  44 orcs
  7 giant cockroaches
  5 gnoll zombies (Ossuary)
  12 goblins
  8 hobgoblins
  26 jackals
  2 quokkas
  A ball python (D:2)
  A ball python zombie (D:5)
  6 bats
  2 frilled lizards (D:5)
  3 goblin zombies (Ossuary)
  3 hobgoblin zombies
  2 jackal zombies (Ossuary)
  8 kobolds
  8 kobold zombies
  A leopard gecko zombie (D:6)
  5 orc zombies
  A quokka skeleton (D:7)
  2 quokka zombies (Ossuary)
  6 rats
  3 rat zombies (Ossuary)
304 creatures vanquished.

Vanquished Creatures (collateral kills)
  A bullfrog (D:10)
  A hound skeleton (D:7)
  2 gnolls (D:7)
  An orc (D:8)
  2 goblins (D:3)
7 creatures vanquished.

Vanquished Creatures (others)
  2 orcs
  A fungus (D:7)
3 creatures vanquished.

Grand Total: 314 creatures vanquished

Notes
Turn   | Place    | Note
-------+----------+-------------------------------------------
     0 | D:1      | EnegeticOcto the Naga Transmuter began the quest for the
                  | Orb.
     0 | D:1      | Reached XP level 1. HP: 18/18 MP: 3/3
    46 | D:1      | Reached skill level 1 in Stealth
   242 | D:1      | Reached XP level 2. HP: 25/25 MP: 3/5
   249 | D:1      | Learned a level 2 spell: Sticks to Snakes
   843 | D:1      | Reached XP level 3. HP: 30/31 MP: 6/6
  1567 | D:2      | Reached XP level 4. HP: 19/39 MP: 7/7
  2533 | D:2      | Reached XP level 5. HP: 48/48 MP: 8/8
  2783 | D:3      | Noticed Jessica
  2785 | D:3      | Noticed Robin
  2801 | D:3      | Killed Robin
  2807 | D:3      | Killed Jessica
  2807 | D:3      | Reached skill level 1 in Evocations
  3432 | D:3      | Noticed Sigmund
  3444 | D:3      | Killed Sigmund
  3444 | D:3      | Reached XP level 6. HP: 43/58 MP: 9/9
  3576 | D:3      | Found a sparkling altar of Nemelex Xobeh.
  3797 | D:3      | Found a faded altar of an unknown god.
  3872 | D:3      | Reached XP level 7. HP: 28/66 MP: 10/10
  4455 | D:4      | Noticed Grinder
  4466 | D:4      | Killed Grinder
  4868 | D:4      | Noticed Dowan
  4868 | D:4      | Noticed Blork the orc
  4868 | D:4      | Noticed Duvessa
  4886 | D:4      | Killed Duvessa
  4886 | D:4      | Reached skill level 4 in Unarmed Combat
  5164 | D:4      | Killed Blork the orc
  5168 | D:4      | Reached XP level 8. HP: 59/73 MP: 11/14
  5700 | D:4      | Killed Dowan
  5973 | D:4      | Reached skill level 5 in Fighting
  6351 | D:5      | Entered Level 5 of the Dungeon
  6351 | D:5      | Found a staircase to the Ecumenical Temple.
  6366 | Temple   | Entered the Ecumenical Temple
  6386 | Temple   | Became a worshipper of Fedhas Madash
  6421 | D:5      | Noticed Ijyb
  6849 | D:4      | Reached skill level 5 in Unarmed Combat
  7516 | D:5      | Reached skill level 6 in Unarmed Combat
  7576 | D:5      | Found a glowing golden altar of the Shining One.
  7631 | D:5      | Reached XP level 9. HP: 35/82 MP: 15/15
  7917 | D:5      | Killed Ijyb
  7920 | D:5      | Reached * piety under Fedhas
  7928 | D:5      | Identified the +0 buckler of Dithmenos's Favour {+Fly rF+
                  | MR- Dex+4} (You found it on level 5 of the Dungeon)
  8259 | D:6      | Reached skill level 5 in Stealth
  8951 | D:6      | Reached skill level 7 in Unarmed Combat
  9293 | D:7      | Found a glowing silver altar of Zin.
  9607 | D:7      | Reached skill level 8 in Unarmed Combat
  9914 | D:7      | Noticed Menkaure
  9924 | D:7      | Killed Menkaure
 10293 | D:7      | Reached ** piety under Fedhas
 10897 | D:7      | Noticed a two-headed ogre
 10909 | D:7      | HP: 2/82 [two-headed ogre/cursed +0 giant spiked club (13)]
 10925 | D:7      | Killed a two-headed ogre
 10925 | D:7      | Reached skill level 10 in Unarmed Combat
 10925 | D:7      | Reached XP level 10. HP: 29/91 MP: 11/16
 11198 | D:7      | Found a runed translucent door.
 11199 | D:7      | Noticed Crazy Yiuf
 11774 | D:7      | Reached skill level 1 in Invocations
 11954 | D:8      | Noticed a two-headed ogre
 12013 | D:8      | Found a sand-covered staircase.
 12067 | Ossuary  | Entered an ossuary
 12475 | Ossuary  | Reached *** piety under Fedhas
 12850 | D:8      | Noticed Erica
 12873 | D:8      | Killed Erica
 13271 | D:8      | Found a shimmering blue altar of Sif Muna.
 13345 | D:7      | Killed a two-headed ogre
 13928 | D:8      | Found an iron altar of Okawaru.
 14203 | D:8      | Reached XP level 11. HP: 62/100 MP: 17/17
 14369 | D:8      | Noticed a three-headed hydra
 14557 | D:8      | Found Qasyivur's Armour Shoppe.
 14640 | D:9      | Reached skill level 5 in Dodging
 14640 | D:9      | Reached skill level 5 in Invocations
 15217 | D:9      | Found Lemp's Weapon Emporium.
 15537 | D:9      | Reached **** piety under Fedhas
 15885 | D:9      | Noticed a death yak
 16228 | D:9      | Killed a death yak
 16801 | D:10     | Entered Level 10 of the Dungeon
 16806 | D:10     | Found a snail-covered altar of Cheibriados.
 16825 | D:10     | Noticed Snorg
 16848 | D:10     | HP: 6/154 [Snorg (18)]
 16848 | D:10     | Slain by Snorg

Levels and vault maps discovered:
D:1:      dpeg_arrival_lava_temple_mockup, layout_basic, serial_park_tiny_pond
D:2:      layout_loops_cross, serial_forest, infiniplex_forest_lined_2,
          infiniplex_forest_lined_room_2, infiniplex_forest_straight_5,
          infiniplex_forest_straight_3
D:3:      layout_loops_ring, overflow_temple_1_default,
          chequers_ecumenical_altar_island, uniq_robin, uniq_sigmund,
          uniq_jessica
D:4:      layout_cave_pods, first_ration, uniq_duvessa, uniq_grinder,
          uniq_blork_the_orc
D:5:      layout_cave_pools, nicolae_tso_carved_into_rock,
          minmay_temple_entry_statues, minmay_mini_ossuary, uniq_ijyb
D:6:      layout_loops_ring
D:7:      layout_basic, zin_statuary, uniq_crazy_yiuf_cottage, uniq_menkaure
D:8:      layout_basic, okawaru_ov_weapons_minmay, enter_ossuary_3,
          serial_shops, nicolae_shop_trees, hangedman_ranch
          [blue_anna_fruit_fields], led_sif_pool, uniq_erica
D:9:      layout_cave_pools, serial_shops, shop, serial_ice, serial_ice_e,
          serial_ice_i, serial_ice_n, serial_ice_g, serial_ice_c, serial_ice_d,
          serial_ice_o, minmay_door_square
D:10:     layout_irregular_city, minmay_lair_entry_grove, david_orc_1_choice,
          basic_altar, gammafunk_ghost_wrathful_warriors, uniq_snorg
Temple:   regret_index_temple_mists

Skill      XL: |  1  2  3  4  5  6  7  8  9 10 11 |
---------------+----------------------------------+-----
Stealth        | 2 3 4 8 |  8.0
Fighting       | 2 4 5 6 7 8 |  8.2
Evocations     | 2 4 |  4.0
Dodging        | 2 3 4 5 |  5.4
Spellcasting   | 4 |  4.0
Unarmed Combat | 4 6 10 | 10.0
Transmutations | 4 |  4.7
Invocations    | 4 5 |  5.0

Action                   |  1- 3 |  4- 6 |  7- 9 | 10-12 || total
-------------------------+-------+-------+-------+-------++-------
Melee: Unarmed           |    36 |       |    69 |   462 ||   567
       Headbutt          |     3 |       |       |       ||     3
       Punch             |     1 |     4 |    15 |    18 ||    38
       Dagger            |    46 |   192 |   543 |     3 ||   784
Throw: Stone             |       |     1 |     8 |    12 ||    21
 Cast: Beastly Appendage |     6 |       |       |       ||     6
       Sticks to Snakes  |       |     1 |     9 |    13 ||    23
Invok: Wall of Briars    |       |       |       |     5 ||     5
       Overgrow          |       |       |       |     1 ||     1
 Abil: Spit Poison       |     4 |     7 |    24 |    11 ||    46
Evoke: Wand              |       |       |     3 |       ||     3
  Use: Scroll            |     6 |       |    18 |     7 ||    31
       Potion            |       |       |     4 |     2 ||     6
 Stab: Sleeping          |     4 |     5 |     4 |    10 ||    23
       Paralysed         |       |       |     4 |       ||     4
       Distracted        |       |       |     2 |       ||     2
  Eat: Chunk             |       |     8 |    13 |    10 ||    31
       Ration            |       |       |     5 |     2 ||     7
Armor: Robe              |    13 |    11 |       |       ||    24
       Ring mail         |       |    53 |   257 |    92 ||   402
       Leather armour    |       |       |       |    67 ||    67
       Skin              |       |       |       |    21 ||    21
Dodge: Dodged            |    54 |    83 |   281 |   225 ||   643

Table legend:
 A = Non-vault XP
 B = Vault XP
 C = Vault XP percentage of total XP
 D = Non-vault monster count
 E = Vault monster count
 F = Vault count percentage of total count
                 A         B        C        D         E       F
            +---------+---------+-------+---------+---------+-------
      Total |    7135 |    4839 |  40.4 |     235 |      76 |  24.4
            +---------+---------+-------+---------+---------+-------
        D:1 |      50 |       0 |   0.0 |      23 |       0 |   0.0
        D:2 |     120 |       0 |   0.0 |      31 |       0 |   0.0
        D:3 |     198 |     271 |  57.8 |      34 |       9 |  20.9
        D:4 |     534 |     551 |  50.8 |      36 |       4 |  10.0
        D:5 |     719 |      58 |   7.5 |      15 |       6 |  28.6
        D:6 |     399 |       0 |   0.0 |      20 |       0 |   0.0
        D:7 |    3403 |     172 |   4.8 |      38 |       1 |   2.6
        D:8 |     967 |    1981 |  67.2 |      23 |       8 |  25.8
        D:9 |     698 |    1422 |  67.1 |      14 |      10 |  41.7
       D:10 |      47 |       0 |   0.0 |       1 |       0 |   0.0
    Ossuary |       0 |     384 | 100.0 |       0 |      38 | 100.0
            +---------+---------+-------+---------+---------+-------
